 Dungeon Crawl Stone Soup version 0.24-a0-493-g7e4ddcd485 (webtiles) character file.

Game seed: 11755837919772645034

381 PgLoLo the Caller (level 6, -3/44 HPs)
             Began as a Gnoll Summoner on July 12, 2019.
             Was an Initiate of Cheibriados.
             Killed by divine providence
             ... invoked by an orc priest
              (8 damage)
             ... on level 5 of the Dungeon.
             The game lasted 00:11:28 (4389 turns).

PgLoLo the Caller (Gnoll Summoner)                  Turns: 4389, Time: 00:11:29

Health: -3/44      AC:  4    Str: 12    XL:     6   Next: 75%
Magic:  7/14       EV: 15    Int: 20    God:    Cheibriados [......]
Gold:   346        SH:  4    Dex: 16    Spells: 1/15 levels left

rFire    . . .     SeeInvis .   d - +2 long sword of a sewer {flame, rElec} (curse)
rCold    . . .     Gourm    .   x - +0 buckler
rNeg     . . .     Faith    .   w - +0 robe (curse)
rPois    .         Spirit   .   j - +0 helmet
rElec    +         Reflect  .   (no cloak)
rCorr    .         Harm     .   (no gloves)
MR       .....                  h - +0 pair of boots
Stlth    +++.......             (no amulet)
HPRegen  0.14/turn              a - ring of wizardry
MPRegen  0.14/turn              (no ring)

@: very slow
A: distributed training, fangs 1, strong nose
a: Bend Time, Renounce Religion


You were on level 5 of the Dungeon.
You worshipped Cheibriados.
Cheibriados was noncommittal.
You were very hungry.

You visited 2 branches of the dungeon, and saw 6 of its levels.

You collected 346 gold pieces.

Inventory:

Hand Weapons
 d - the cursed +2 long sword of a sewer (weapon) {flame, rElec}
   (You found it on level 5 of the Dungeon)

   It has been specially enchanted to burn those struck by it, causing extra
   injury to most foes and up to half again as much damage against particularly
   susceptible opponents.
   Big, fiery blades are also staple armaments of hydra-hunters.
   It insulates you from electricity.
   It has a curse placed upon it.
 n - a +1 long sword of protection
Missiles
 e - 172 stones
 i - 63 sling bullets
 v - 4 boomerangs (quivered)
Armour
 h - a +0 pair of boots (worn)
 j - a +0 helmet (worn)
 o - a +0 leather armour
 w - a cursed +0 robe (worn)
 x - a +0 buckler (worn)
Jewellery
 a - a ring of wizardry (left hand)
 A - a cursed ring of teleportation {unknown}
Wands
 q - a wand of polymorph (4)
Scrolls
 f - 2 scrolls of identify
 l - 2 scrolls of magic mapping {unknown}
 m - 4 scrolls of teleportation {unknown}
 p - a scroll of fear {unknown}
 r - 4 scrolls of remove curse
 s - 2 scrolls of enchant armour {unknown}
 y - a scroll of enchant weapon {unknown}
 z - a scroll of noise {unknown}
Potions
 b - a potion of berserk rage
 g - 3 potions of might
 k - 2 potions of curing
 t - a potion of magic
 u - a potion of lignification {unknown}
 B - a potion of degeneration {unknown}
Comestibles
 c - 12 rations


   Skills:
 + Level 2.0 Fighting
 + Level 2.0 Short Blades
 + Level 2.0 Long Blades
 + Level 2.0 Axes
 + Level 2.0 Maces & Flails
 + Level 2.0 Polearms
 + Level 2.0 Staves
 + Level 2.0 Slings
 + Level 2.0 Bows
 + Level 2.0 Crossbows
 + Level 2.0 Throwing
 + Level 2.0 Armour
 + Level 5.0 Dodging
 + Level 4.6 Stealth
 + Level 2.0 Shields
 + Level 2.0 Unarmed Combat
 + Level 5.4 Spellcasting
 + Level 1.6 Conjurations
 + Level 1.6 Hexes
 + Level 1.6 Charms
 + Level 7.3 Summonings
 + Level 1.6 Necromancy
 + Level 1.6 Translocations
 + Level 1.6 Transmutations
 + Level 1.6 Fire Magic
 + Level 1.6 Ice Magic
 + Level 1.6 Air Magic
 + Level 1.6 Earth Magic
 + Level 1.6 Poison Magic
 + Level 2.2 Invocations
 + Level 2.0 Evocations


You had one spell level left.
You knew the following spells:

 Your Spells              Type           Power        Failure   Level  Hunger
a - Summon Small Mammal   Summ           ####         1%          1    None
c - Call Canine Familiar  Summ           ####....     1%          3    ##.....
d - Summon Lightning Spi  Summ/Air       ###.....     9%          4    ####...
e - Summon Ice Beast      Ice/Summ       ###.....     9%          4    ####...
s - Call Imp              Summ           ####....     1%          2    None

Your spell library contained the following spells:

 Spells                   Type           Power        Failure   Level  Hunger
 Summon Guardian Golem    Hex/Summ       ###.....     2%          3    ##.....


Dungeon Overview and Level Annotations

Branches:
Dungeon (5/15)             Temple (1/1) D:5

Altars:
Ashenzari
Cheibriados
Dithmenos
Fedhas
Gozag
Hepliaklqana
Kikubaaqudgha
Makhleb
Nemelex Xobeh
Qazlal
Ru
Sif Muna
Trog
Uskayaw
Vehumet
Wu Jian
Xom
Yredelemnul
Zin
The Shining One


Innate Abilities, Weirdness & Mutations

Your experience applies equally to all skills.
You have very sharp teeth.
Your uncanny sense of smell can sniff out nearby items.


Message History

a scroll labeled FOILIT LIYN; an orc corpse
Casting: Summon Lightning Spire (safe; 9% risk of failure)
Confirm with . or Enter, or press ? or * to list all spells.
A chill wind blows around you.
The adder bites your lightning spire but does no damage.
The orc wizard casts a spell at you. The magic dart hits you!
* * * LOW HITPOINT WARNING * * *
You swap places.
The adder bites your lightning spire but does no damage.
Your lightning spire shoots out a bolt of lightning at the adder!
The bolt of electricity hits the adder!
The adder dies!
Cheibriados appreciates the change of pace.
Your ice beast hits the orc wizard.
Your ice beast freezes the orc wizard!
The orc wizard hits your ice beast but does no damage.
Your ice beast hits the orc wizard but does no damage.
The orc priest invokes the aid of Beogh against you.
Beogh smites you!
You die...

#.# #.# #.... ## #.. ..
##...######. ###
%.##.###.>..##..... #_#
..####...............###
#.#
#......8o..#.....#...#
###.###
#o#............###
#.....#
#Y##.###.........#
#.....#
#.##..............
#.....#
##@####....#.##....
#.....# ##..#
##...<..##.... #.....#
#..####..##..#####.#
#.....# ###.####...###.#
#.. #.....# #..........#
### ###
#.....####....⌠....## #
###.###............# #.#
####..⌠.>.⌠..# #.#
###.........##


You could see an orc priest, an orc wizard, a friendly ice beast and a friendly
lightning spire.

Vanquished Creatures
  An orc wizard (D:5)
  6 adders
  An adder skeleton (D:5)
  3 worms (D:2)
  A dart slug (D:4)
  6 leopard geckos
  5 orcs
  10 bats
  3 giant cockroaches
  2 gnoll zombies (D:5)
  9 goblins
  9 hobgoblins
  6 jackals (D:2)
  9 kobolds
  3 quokkas
  2 ball pythons (D:3)
  6 frilled lizards
  15 rats
97 creatures vanquished.

Vanquished Creatures (collateral kills)
  Sigmund (D:5)
  An ice beast (D:5)
  An iguana (D:4)
  3 adders
  A dart slug (D:1)
  An orc (D:3)
  A goblin (D:1)
  3 kobolds
12 creatures vanquished.

Grand Total: 109 creatures vanquished

Notes
Turn   | Place    | Note
-------+----------+-------------------------------------------
     0 | D:1      | PgLoLo the Gnoll Summoner began the quest for the Orb.
     0 | D:1      | Reached XP level 1. HP: 13/13 MP: 6/6
   227 | D:1      | Reached XP level 2. HP: 19/19 MP: 7/7
   693 | D:1      | Reached XP level 3. HP: 20/25 MP: 9/9
   697 | D:1      | Learned a level 2 spell: Call Imp
   701 | D:1      | Learned a level 3 spell: Call Canine Familiar
   794 | D:1      | Reached skill level 5 in Spellcasting
  1022 | D:2      | You fall into a shaft and drop 1 floor!
  1157 | D:2      | Found a hide-covered altar of Uskayaw.
  1339 | D:2      | Reached skill level 1 in Invocations
  1393 | D:2      | Reached skill level 1 in Fighting
  1393 | D:2      | Reached skill level 1 in Short Blades
  1393 | D:2      | Reached skill level 1 in Long Blades
  1393 | D:2      | Reached skill level 1 in Axes
  1393 | D:2      | Reached skill level 1 in Maces & Flails
  1393 | D:2      | Reached skill level 1 in Polearms
  1393 | D:2      | Reached skill level 1 in Staves
  1393 | D:2      | Reached skill level 1 in Slings
  1393 | D:2      | Reached skill level 1 in Bows
  1393 | D:2      | Reached skill level 1 in Crossbows
  1393 | D:2      | Reached skill level 1 in Throwing
  1393 | D:2      | Reached skill level 1 in Armour
  1393 | D:2      | Reached skill level 1 in Shields
  1393 | D:2      | Reached skill level 1 in Unarmed Combat
  1393 | D:2      | Reached skill level 1 in Evocations
  1492 | D:2      | Reached XP level 4. HP: 32/32 MP: 11/11
  1544 | D:2      | Learned a level 4 spell: Summon Lightning Spire
  1622 | D:2      | Found a hazy altar of Hepliaklqana.
  2037 | D:2      | Found a blossoming altar of Fedhas.
  2037 | D:2      | Found an ancient bone altar of Kikubaaqudgha.
  2057 | D:2      | Reached skill level 1 in Conjurations
  2057 | D:2      | Reached skill level 1 in Hexes
  2057 | D:2      | Reached skill level 1 in Charms
  2057 | D:2      | Reached skill level 1 in Necromancy
  2057 | D:2      | Reached skill level 1 in Translocations
  2057 | D:2      | Reached skill level 1 in Transmutations
  2057 | D:2      | Reached skill level 1 in Fire Magic
  2057 | D:2      | Reached skill level 1 in Ice Magic
  2057 | D:2      | Reached skill level 1 in Air Magic
  2057 | D:2      | Reached skill level 1 in Earth Magic
  2057 | D:2      | Reached skill level 1 in Poison Magic
  2599 | D:3      | Reached XP level 5. HP: 37/37 MP: 12/12
  2613 | D:3      | Found an ornate altar of the Wu Jian Council.
  2644 | D:3      | Learned a level 4 spell: Summon Ice Beast
  3587 | D:4      | Found a snail-covered altar of Cheibriados.
  3596 | D:4      | Became a worshipper of Cheibriados the Contemplative
  3630 | D:4      | Found a burning altar of Makhleb.
  3630 | D:4      | Noticed a green death
  3670 | D:4      | Found a shadowy altar of Dithmenos.
  3948 | D:5      | Entered Level 5 of the Dungeon
  3961 | D:5      | Noticed Sigmund
  3966 | D:5      | Killed Sigmund
  3966 | D:5      | Reached XP level 6. HP: 44/44 MP: 4/13
  4001 | D:5      | Noticed an ice beast
  4009 | D:5      | Killed an ice beast
  4009 | D:5      | Reached skill level 5 in Dodging
  4141 | D:5      | Found a staircase to the Ecumenical Temple.
  4165 | Temple   | Entered the Ecumenical Temple
  4295 | D:5      | Found a glowing silver altar of Zin.
  4296 | D:5      | Found an opulent altar of Gozag.
  4350 | D:5      | Found a basalt altar of Yredelemnul.
  4352 | D:5      | Got an ancient long sword
  4353 | D:5      | Identified the cursed +2 long sword of a sewer {flame,
                  | rElec} (You found it on level 5 of the Dungeon)
  4377 | D:5      | Identified the ring of Xom's Brutal Revenge {rF- rC++ rN+
                  | MR+ Str+3}
  4389 | D:5      | Killed from afar by an orc priest

Levels and vault maps discovered:
D:1:      minmay_arrival_semitransparent, layout_basic, minmay_domino_4
D:2:      minmay_inner_zag, layout_rooms,
          grunt_temple_overflow_growth_and_decay, grunt_temple_overflow_open,
          minivault_5, chequers_serial_rivers_large_a, minmay_rat_gold_closets
D:3:      layout_loops_ring, nicolae_overflow_crystal_walls, first_ration,
          grunt_decor_one_mirror, grunt_decor_clamped
D:4:      layout_basic, kennysheep_slug_shrine, makhleb_altar_promises_db,
          kennysheep_mini_moat
D:5:      layout_rooms, grunt_temple_overflow_gold_and_silver,
          lemuel_zombie_altar_yredelemnul, temple_fountains, uniq_sigmund
Temple:   kb_temple_of_zot

Skill      XL: |  1  2  3  4  5  6 |
---------------+-------------------+-----
Spellcasting   | 5 |  5.4
Invocations    | 1 2 |  2.2
Fighting       | 1 2 |  2.0
Short Blades   | 1 2 |  2.0
Long Blades    | 1 2 |  2.0
Axes           | 1 2 |  2.0
Maces & Flails | 1 2 |  2.0
Polearms       | 1 2 |  2.0
Staves         | 1 2 |  2.0
Slings         | 1 2 |  2.0
Bows           | 1 2 |  2.0
Crossbows      | 1 2 |  2.0
Throwing       | 1 2 |  2.0
Armour         | 1 2 |  2.0
Shields        | 1 2 |  2.0
Unarmed Combat | 1 2 |  2.0
Evocations     | 1 2 |  2.0
Conjurations   | 1 |  1.6
Hexes          | 1 |  1.6
Charms         | 1 |  1.6
Necromancy     | 1 |  1.6
Translocations | 1 |  1.6
Transmutations | 1 |  1.6
Fire Magic     | 1 |  1.6
Ice Magic      | 1 |  1.6
Air Magic      | 1 |  1.6
Earth Magic    | 1 |  1.6
Poison Magic   | 1 |  1.6
Dodging        | 5 |  5.0
Stealth        | |  4.6
Summonings     | |  7.3

Action                   |  1- 3 |  4- 6 || total
-------------------------+-------+-------++-------
Melee: Unarmed           |     6 |       ||     6
       Club              |    29 |       ||    29
       Bite              |     5 |    11 ||    16
       Dagger            |    39 |       ||    39
       Long sword        |    46 |   147 ||   193
       Punch             |       |     3 ||     3
Throw: Stone             |     1 |       ||     1
       Boomerang         |       |     4 ||     4
 Cast: Summon Small Mamm |     5 |       ||     5
       Call Imp          |     2 |     2 ||     4
       Summon Lightning  |       |     4 ||     4
       Summon Ice Beast  |       |     3 ||     3
  Use: Scroll            |       |     5 ||     5
 Stab: Sleeping          |     8 |    14 ||    22
  Eat: Chunk             |     2 |    10 ||    12
Armor: Robe              |    15 |     8 ||    23
       Leather armour    |    21 |    27 ||    48
Dodge: Dodged            |   112 |    97 ||   209
Block: Buckler           |       |     7 ||     7
       Rpst.: Long sword |    13 |    39 ||    52

Table legend:
 A = Non-vault XP
 B = Vault XP
 C = Vault XP percentage of total XP
 D = Non-vault monster count
 E = Vault monster count
 F = Vault count percentage of total count
                 A         B        C        D         E       F
            +---------+---------+-------+---------+---------+-------
      Total |     385 |     160 |  29.4 |      88 |      21 |  19.3
            +---------+---------+-------+---------+---------+-------
        D:1 |      37 |       4 |   9.8 |      23 |       3 |  11.5
        D:2 |      69 |      25 |  26.6 |      23 |      14 |  37.8
        D:3 |      74 |       0 |   0.0 |      27 |       0 |   0.0
        D:4 |      60 |       4 |   6.2 |       7 |       1 |  12.5
        D:5 |     145 |     127 |  46.7 |       8 |       3 |  27.3
            +---------+---------+-------+---------+---------+-------
